 Dungeon Crawl Stone Soup version 0.22-a0-252-gcace5d2 (webtiles) character file.

149 Amnesiac the Ducker (level 5, -3/27 HPs)
             Began as a Spriggan Fighter on Mar 1, 2018.
             Slain by Grinder (6 damage)
             ... while paralysed by Grinder
             ... on level 3 of the Dungeon.
             The game lasted 00:04:34 (2583 turns).

Amnesiac the Ducker (Spriggan Fighter)              Turns: 2583, Time: 00:04:35

Health: -3/27      AC:  3    Str: 16 (18) XL:     5   Next: 9%
Magic:  6/6        EV:  4    Int: 14 (15) God:
Gold:   194        SH:  0    Dex: 13 (15) Spells: 4/4 levels left

rFire    . . .     SeeInvis +   a - +0 long sword
rCold    . . .     Gourm    .   c - +0 buckler
rNeg     . . .     Faith    .   j - +1 animal skin
rPois    +         Spirit   .   (helmet restricted)
rElec    .         Reflect  .   (no cloak)
rCorr    .         Harm     .   (gloves unavailable)
MR       .....                  (boots unavailable)
Stlth    +.........             (no amulet)
HPRegen  0.09/turn              s - ring of poison resistance
MPRegen  0.10/turn              (no ring)

@: paralysed, mighty, brilliant, very quick
A: very small, unfitting armour, see invisible, herbivore, speed 3, slow
metabolism 2
a: no special abilities


You were on level 3 of the Dungeon.
You were not hungry.

You visited 1 branch of the dungeon, and saw 4 of its levels.

You collected 194 gold pieces.

Inventory:

Hand Weapons
 a - a +0 long sword (weapon)
 b - a +4 blowgun
Missiles
 h - 50 stones (quivered)
 v - 12 poisoned needles
Armour
 c - a +0 buckler (worn)
 j - a +1 animal skin (worn)
Jewellery
 s - a ring of poison resistance (left hand)
Scrolls
 p - a scroll of teleportation {!r}
Potions
 i - a potion of flight {!q}
 o - a potion of brilliance {!q}
 r - 2 potions of haste {!q}
Comestibles
 f - 5 rations


   Skills:
 - Level 2.4 Fighting
 + Level 4.4 Long Blades
 - Level 4.4 Dodging
 - Level 2.1 Shields


You had 4 spell levels left.
You didn't know any spells.

Dungeon Overview and Level Annotations

Branches:
Dungeon (4/15)
 Temple: D:4-7

Altars:

Annotations:
D:3 Grinder
D:4 Pikel


Innate Abilities, Weirdness & Mutations

You are very small and have problems with some larger weapons.
You are too small for most types of armour.
You have supernaturally acute eyesight. (SInv)
You are a herbivore.
You cover ground extremely quickly.
You need consume almost no food.


Message History

You closely miss Grinder.
Grinder is moderately wounded.
Grinder hits you but does no damage.
You bump into the rock wall.
Grinder says, "I used to sell toenails on the black market."
Grinder misses you.
You bump into the rock wall.
Grinder hits you. Grinder misses you.
You hit Grinder but do no damage.
Grinder is moderately wounded.
You feel less invigorated.
You feel less confused.
Grinder blinks!
There is a stone staircase leading down, spattered with blood here.
Grinder hits you.
You writhe in agony.
You closely miss Grinder.
Grinder is moderately wounded.
Grinder gestures at you. You resist with some effort.
You barely miss Grinder.
Grinder is moderately wounded.
Grinder hits you.
Okay, then.
You closely miss Grinder.
Grinder is moderately wounded.
You are starting to lose your buoyancy.
Grinder hits you!
* * * LOW HITPOINT WARNING * * *
You writhe in agony.
* * * LOW HITPOINT WARNING * * *
Unknown command.
Unknown command.
Unknown command.
Unknown command.
Really quaff
k - a potion of heal wounds {!q}?
You feel much better. Grinder completely misses you.
You riposte.
You hit Grinder.
Grinder is moderately wounded.
Really quaff
d - a potion of might {!q}?
You feel very mighty all of a sudden. Grinder hits you.
* * * LOW HITPOINT WARNING * * *
You writhe in agony.
* * * LOW HITPOINT WARNING * * *
You slash Grinder!
Grinder is severely wounded.
Grinder says, "Don't move a muscle."
You block Grinder's attack.
You closely miss Grinder.
Grinder is severely wounded.
Grinder misses you. Grinder hits you!
* * * LOW HITPOINT WARNING * * *
You writhe in agony.
* * * LOW HITPOINT WARNING * * *
You slash Grinder!
Grinder is almost dead.
Grinder hits you but does no damage.
You hit Grinder.
Grinder is almost dead.
You float gracefully downwards.
Grinder gestures at you.
You suddenly lose the ability to move!
Grinder hits you.
You die...

#.# #.................... #.#
#...###.###.......... ##.#######
###.................. #........#
#.###.......####### #........#
#.# #.......###### #........#
#.###.###........##
#........######.....# #.#........
...............>....# #.#..##.###
#........#######@...# #.#..##.##
##'#.##### ####5...###.#..##..##
.....# #..'.......[.........
.....# #.##....###....###.##
.....# ######.##....###....###.##
##.#.###.........................
##.............................##
.....###.......####.###....###.##
#.........)....# #.###..........


You could see Grinder.

Vanquished Creatures
  A scorpion (D:3)
  Robin (D:3)
  2 adders (D:3)
  A worm (D:3)
  A dart slug (D:1)
  An orc (D:3)
  9 bats
  5 giant cockroaches (D:1)
  8 goblins
  8 hobgoblins
  7 jackals
  5 kobolds
  A quokka (D:3)
  A ball python (D:3)
  5 frilled lizards
  6 rats
62 creatures vanquished.

Notes
Turn   | Place    | Note
-------+----------+-------------------------------------------
     0 | D:1      | Amnesiac the Spriggan Fighter began the quest for the Orb.
     0 | D:1      | Reached XP level 1. HP: 11/11 MP: 2/2
   213 | D:1      | Reached XP level 2. HP: 16/16 MP: 3/3
   985 | D:2      | Reached XP level 3. HP: 19/19 MP: 4/4
  1699 | D:3      | Noticed a scorpion
  1729 | D:3      | Killed a scorpion
  1729 | D:3      | Reached XP level 4. HP: 9/23 MP: 5/5
  2466 | D:4      | Noticed Robin
  2466 | D:4      | Noticed a slave
  2466 | D:4      | Noticed a slave
  2468 | D:4      | Noticed Pikel
  2469 | D:3      | Reached XP level 5. HP: 27/27 MP: 6/6
  2475 | D:3      | Killed Robin
  2526 | D:4      | Noticed Grinder
  2534 | D:3      | Paralysed by Grinder for 2 turns
  2540 | D:3      | Paralysed by Grinder for 2 turns
  2576 | D:3      | HP: 1/27 [Grinder (3)]
  2582 | D:3      | Paralysed by Grinder for 6 turns
  2583 | D:3      | Slain by Grinder

Vault maps used:
D:1:      onia_arrival_mini_spirals
D:2:      serial_bayou, serial_bayou_pond_b, serial_bayou_pond_e,
          serial_bayou_pond_b, serial_bayou_ford_a
D:3:      nrook_mini_vaults
D:4:      zin_purify, uniq_robin, uniq_pikel, uniq_grinder

Skill      XL: |  1  2  3 |
---------------+----------+-----
Long Blades    | 2 4 |  4.4
Fighting       | |  2.4
Dodging        | |  4.4
Shields        | |  2.1

Action                   |  1- 3 |  4- 6 || total
-------------------------+-------+-------++-------
Melee: Long sword        |   125 |    59 ||   184
 Fire: Blowgun           |     2 |       ||     2
  Use: Scroll            |       |     7 ||     7
       Potion            |       |    10 ||    10
 Stab: Sleeping          |     1 |     1 ||     2
Armor: Robe              |    18 |     1 ||    19
       Animal skin       |       |     3 ||     3
Dodge: Dodged            |   108 |    39 ||   147
Block: Buckler           |    38 |    14 ||    52
       Rpst.: Long sword |    40 |    14 ||    54

Table legend:
 A = Spawn XP
 B = Non-spawn XP
 C = Spawn XP percentage of total XP
 D = Spawn monster count
 E = Non-spawn monster count
 F = Spawn count percentage of total count
 G = Total turns spent on level
                    A         B        C        D         E        F      G
               +---------+---------+-------+---------+---------+-------+---------
         Total |       0 |     213 |   0.0 |       0 |      62 |   0.0 |  2583
               +---------+---------+-------+---------+---------+-------+---------
           D:1 |       0 |      37 |   0.0 |       0 |      20 |   0.0 |   930
           D:2 |       0 |      29 |   0.0 |       0 |      17 |   0.0 |   561
           D:3 |       0 |     147 |   0.0 |       0 |      25 |   0.0 |  1085
               +---------+---------+-------+---------+---------+-------+---------
